Map: Dasan Station LE

Players

Fropez - Winner!

  • Race: Protoss Protoss
  • League: Gold
  • Spawn Location: 12:00

MuadDib

  • Race: Terran Terran
  • League: Gold
  • Spawn Location: 6:00

VOD

Have the link to the VOD?

Description

Time

  • Played on: Nov. 16, 2016, 2:42 p.m.
  • Length: 3:36
Show
View Real Time Build Order
Export as new Build Order

Fropez Protoss - Winner!

Build Orders:  

Get SALT Encoding   

  12  0:01  Probe (Chrono Boost)  
  13  0:12  Probe (Chrono Boost)  
  14  0:22  Pylon  
  14  0:25  Assimilator  
  14  0:27  Probe (Chrono Boost)  
  15  0:40  Probe (Chrono Boost)  
  16  0:43  Gateway  
  16  0:50  Probe (Chrono Boost)  
  17  1:01  Probe (Chrono Boost)  
  18  1:04  Gateway  
  18  1:12  Probe (Chrono Boost)  
  18  1:18  Assimilator  
  19  1:22  Probe (Chrono Boost)  
  20  1:25  Pylon  
  20  1:42  Probe (Chrono Boost)  
  21  1:52  Cybernetics Core  
  21  1:53  Probe (Chrono Boost)  
  22  2:03  Probe (Chrono Boost)  
  22  2:08  Nexus  
  23  2:29  Mothership Core (Chrono Boost)  
  25  2:33  Adept x2  
  29  2:45  Pylon  
  29  2:47  Probe (Chrono Boost)  
  30  2:58  Pylon  
  30  3:03  Pylon  
  30  3:06  Pylon  
Show
View Real Time Build Order
Export as new Build Order

MuadDib Terran 

Build Orders:  

Get SALT Encoding   

  12  0:03  SCV  
  13  0:15  SCV  
  13  0:19  Supply Depot  
  14  0:28  SCV  
  15  0:30  Refinery  
  15  0:52  SCV  
  15  0:53  Refinery  
  17  1:04  SCV  
  17  1:12  Barracks  
  17  1:15  Barracks  
  17  1:22  SCV  
  18  1:41  SCV  
  19  1:53  SCV  
  20  2:05  SCV  
  20  2:07  Factory  
  21  2:11  Reaper  
  23  2:25  Orbital Command  
  23  2:27  Barracks, Reaper  
  23  2:55  Command Center  
  23  3:01  Factory Reactor  
Tags
 
League
GoldGold
Matchup
PvT
Replay Pack
All Mines
Spawn Locations
Cross Positions
Add a new tag
Caveats
  • Supply blocks, unpowered buildings, or Contaminate may cause inaccurate times.
  • Supply counts are checked every 10 seconds.